AoeStats
← Sebastian

Coastal Forest

510840887Analyzed
3v3 RM · 24d ago on Oct 2, 2026· 46m 58s· 6 players
Game mode
Random Map
Map size
Normal (6 player)
Population
200
Speed
Normal
Resources
Standard
Victory
Conquest
Starting age
Dark Age
Ending age
Imperial Age
RankedLock teamsTeams togetherTeam positionsShared explorationLock speedFull tech treeHidden civsTurbo modeCheats
Victory
Defeat
🇸🇪 Mongols · Sweden
1088
+18
🇸🇪 Japanese · Sweden
1068
+18
🇸🇪 Poles · Sweden
1050
+19
vs
🇸🇪 Malians · Sweden
1141
-20
🇸🇪 Burgundians · Sweden
1123
-18
🇳🇴 Mongols · Norway
1097
-17
kembokembo
0:27 Loom
5:15 Double-Bit Axe
11:09 Feudal Age
13:08 Bow Saw
15:35 Forging
20:08 Castle Age
18:41 Scale Barding Armor
19:23 Padded Archer Armor
19:31 Gold Mining
20:16 Horse Collar
24:58 Husbandry
24:55 Cavalier
27:42 Iron Casting
27:24 Heavy Plow
28:50 Chain Barding Armor
31:50 Gold Shaft Mining
32:03 Pikeman
32:21 Pikeman
33:04 Squires
35:36 Scale Mail Armor
35:48 Fletching
38:59 Wheelbarrow
44:42 Imperial Age
42:49 Chain Mail Armor
43:45 Light Cavalry
45:24 Bodkin Arrow
45:00 Hussar
46:46 Conscription
47:53 Crop Rotation
[O] KingJoakim
3:18 Loom
10:54 Feudal Age
21:02 Fletching
25:26 Double-Bit Axe
29:09 Padded Archer Armor
32:03 Castle Age
34:57 Bloodlines
40:27 Ballistics
40:32 Husbandry
[SPoRR]Herrmibob
2:57 Loom
11:11 Feudal Age
17:21 Castle Age
16:14 Stone Mining
22:51 Scale Mail Armor
25:18 Town Watch
27:46 Double-Bit Axe
29:48 Ballistics
35:50 Horse Collar
42:30 Forging
Sebastian
0:27 Loom
10:35 Feudal Age
11:50 Double-Bit Axe
18:46 Wheelbarrow
22:29 Castle Age
20:44 Bloodlines
21:21 Horse Collar
22:23 Forging
22:20 Scale Barding Armor
23:15 Husbandry
23:39 Bow Saw
26:59 Iron Casting
31:16 Hand Cart
42:12 Imperial Age
39:29 Town Watch
41:01 Chain Barding Armor
40:32 Fletching
41:10 Ballistics
43:35 Conscription
43:37 Drill
42:41 Light Cavalry
42:44 Heavy Camel Rider
43:11 Capped Ram
46:07 Siege Ram
46:10 Hussar
Hammar
7:26 Loom
10:01 Feudal Age
10:12 Man-at-Arms
11:45 Arson
14:09 Double-Bit Axe
16:27 Scale Mail Armor
18:55 Horse Collar
20:33 Forging
24:52 Castle Age
24:25 Fletching
25:41 Squires
25:30 Gambesons
26:05 Long Swordsman
27:39 Heavy Plow
27:56 Pikeman
31:13 Bow Saw
33:21 Town Watch
33:59 Gold Mining
37:01 Wheelbarrow
36:31 Crossbowman
37:51 Padded Archer Armor
39:47 Thumb Ring
41:27 Hand Cart
41:13 Town Patrol
49:01 Imperial Age
bosooon
4:23 Loom
11:58 Feudal Age
14:57 Double-Bit Axe
15:43 Horse Collar
20:32 Castle Age
19:57 Scale Barding Armor
20:09 Bloodlines
21:38 Forging
23:17 Szlachta Privileges
26:29 Husbandry
27:58 Chain Barding Armor
28:49 Iron Casting
30:51 Wheelbarrow
31:08 Gold Mining
31:41 Town Watch
35:56 Imperial Age
36:38 Hand Cart
37:02 Cavalier
38:49 Conscription
39:42 Light Cavalry
41:36 Fletching
41:46 Padded Archer Armor
41:16 Winged Hussar
42:19 Lechitic Legacy
41:49 Heavy Mounted Crossbowman
43:12 Town Patrol
43:48 Ballistics
44:29 Chemistry
Connection lost

Rejoining the realm…

Still unreachable

The connection could not be restored.

Session expired

The server has moved on; the page needs a fresh start.